 Dungeon Crawl Stone Soup version 0.17-a0-1567-gdd419b1 (webtiles) character file.

19801 soupofsoups the Slicer (level 12, 29/72 HPs)
             Began as a Vine Stalker Berserker on July 23, 2015.
             Was a High Priest of Trog.
             Quit the game on level 3 of the Lair of Beasts.
             The game lasted 00:50:33 (11593 turns).

soupofsoups the Slicer (Vine Stalker Berserker)    Turns: 11593, Time: 00:50:33

Health: 29/72      AC: 14    Str: 21    XL:     12   Next: 72%
Magic:  10/22      EV: 13    Int: 12    God:    Trog [*****.]
Gold:   654        SH:  0    Dex: 18    Spells: 0 memorised, 11 levels left

rFire  + . .     SeeInvis .     E - +1 rapier
rCold  . . .     Clarity  .     G - +1 scale mail of Reduussa {+Inv rF+}
rNeg   . . .     SustAt   .     (no shield)
rPois  .         Gourm    .     (no helmet)
rElec  +         Spirit   +     w - +2 cloak
rCorr  .         Warding  .     (no gloves)
rMut   .         Stasis   .     d - +1 pair of boots
MR     +....                    (no amulet)
Stlth  ..........               a - ring of Uclabrewk {rElec Int+5}
                                F - ring of magical power

@: exhausted, slowed, very slow, somewhat resistant to hostile enchantments,
extremely unstealthy
A: fangs 3, regeneration 3, magic shield, antimagic bite, no device heal 3, rot
immunity
a: Burn Spellbooks, Berserk, Trog's Hand, Brothers in Arms, Renounce Religion,
Evoke Invisibility


You were on level 3 of the Lair of Beasts.
You worshipped Trog.
Trog was extremely pleased with you.
You were near starving.

You visited 2 branches of the dungeon, and saw 13 of its levels.

You collected 750 gold pieces.
You spent 96 gold pieces at shops.

Inventory:

Hand weapons
 E - a +1 rapier (weapon)
 J - a cursed +0 shortbow
 T - a +1 hunting sling of flaming
Missiles
 j - 48 sling bullets
 C - 31 sling bullets of frost
 M - 8 arrows of frost
 P - 79 arrows
 Q - 2 throwing nets (quivered)
Armour
 d - a +1 pair of boots (worn)
 e - a +3 leather armour of fire resistance
 w - a +2 cloak (worn)
 G - the +1 scale mail of Reduussa (worn) {+Inv rF+}
   (You found it on level 3 of the Lair of Beasts)

   It protects you from fire.
   It lets you turn invisible.
Jewellery
 a - the ring of Uclabrewk (right hand) {rElec Int+5}
   (You found it on level 8 of the Dungeon)

   [ring of intelligence]

   It affects your intelligence (+5).
   It insulates you from electricity.
 x - an uncursed ring of see invisible
 F - a ring of magical power (left hand)
Magical devices
 b - a wand of polymorph (15)
Scrolls
 g - 3 scrolls of remove curse
 n - a scroll of fog
 o - 2 scrolls of enchant armour
 q - a scroll of identify
 r - 3 scrolls of teleportation
 s - 2 scrolls of magic mapping
 v - 2 scrolls of enchant weapon
 A - 2 scrolls of blinking
Potions
 h - a potion of might
 i - 6 potions of curing
 l - a potion of cancellation {unknown}
 m - 3 potions of brilliance
 u - 2 potions of berserk rage
 z - 2 potions of flight
 D - a potion of resistance {unknown}
 H - a potion of degeneration {unknown}
 L - a potion of agility
 R - a potion of poison {unknown}
Books
 y - a Necronomicon

   Spells                             Type                      Level
   a - Haunt                          Necromancy/Summoning         7
   b - Borgnjor's Revivification      Necromancy                   8
   c - Death's Door                   Charms/Necromancy            8
   d - Necromutation                  Transmutation/Necromancy     8
   Trog disapproves of the use of such an item.
 B - a book of Flames

   Spells                             Type                      Level
   a - Flame Tongue                   Conjuration/Fire             1
   b - Throw Flame                    Conjuration/Fire             2
   c - Conjure Flame                  Conjuration/Fire             3
   d - Inner Flame                    Hexes/Fire                   3
   e - Sticky Flame                   Conjuration/Fire             4
   f - Fireball                       Conjuration/Fire             5
   Trog disapproves of the use of such an item.
Comestibles
 c - 5 bread rations
 f - 7 slices of pizza
 p - 5 meat rations
 t - 3 royal jellies
 N - 2 beef jerkies


   Skills:
 + Level 12.3 Fighting
 + Level 12.4 Short Blades
 - Level 5.5 Armour
 - Level 5.0 Dodging


You had 11 spell levels left.
You didn't know any spells.

Dungeon Overview and Level Annotations

Branches:
Dungeon (10/15)            Temple (0/1) D:4            Lair (3/8) D:8
  Swamp: Lair:3-6    Shoals: Lair:3-6     Snake: Lair:3-6    Spider: Lair:3-6
    Orc: D:9-12

Altars:
Dithmenos
Fedhas
Kikubaaqudgha
Makhleb
Nemelex Xobeh
Okawaru
Vehumet
Yredelemnul
The Shining One

Shops:
D:7 !


Innate Abilities, Weirdness & Mutations

You have razor-sharp teeth.
You regenerate.
When hurt, damage is shared between your health and your magic reserves.
Your bite disrupts and absorbs the magic of your enemies.
Potions and wands cannot restore your health.
You are immune to rotting.


Message History

You see here a death yak corpse.
You feel a strong urge to attack something.
You are no longer berserk.
You are exhausted.
You feel yourself slow down.
You are feeling very hungry.
There isn't anything here!
You see here a death yak corpse.
You butcher the death yak corpse.
You see here 5 inedible chunks of flesh.
You are near starving!
Things that are here:
a death yak skeleton; a river rat skeleton The death yak bellows!
You hear a bellow!
The death yak gores you!! The death yak gores you.
The death yak gores you but does no damage.
The death yak barely misses you.
The death yak gores you but does no damage. x2
The death yak gores you!! The death yak gores you!
Are you sure you want to abandon this character and quit the game? (Confirm with "yes".)

######## #......##### ### #
###..#..Y.#..###########.##
#..###.#....#YY.....#.##.##....#
...........Y#รท#@................
...<.......##%##.#..............
...........#..#####..#..........
..........##..[#..#..#..........
...........#####(...#...........
..............#...###...........
l.............#####.#...........
................................
......##.##.#.#.........#####.#


You could see 3 death yaks.

Vanquished Creatures
  A hydra (Lair:3)
  Erica (D:9)
  3 death yaks (Lair:3)
  The ghost of Econoterrorist the Slicer, an experienced KoBe of Trog (D:7)
  Pikel (D:9)
  3 elephants (Lair:3)
  A black mamba (Lair:2)
  A fire drake (Lair:3)
  A spiny frog (Lair:2)
  12 komodo dragons
  A troll (D:9)
  5 blink frogs (Lair:1)
  12 yaks
  A basilisk (Lair:1)
  A hungry ghost (D:10)
  The ghost of filfer the Skirmisher, an average OpAs (D:4)
  6 water moccasins
  Menkaure (D:7)
  5 hippogriffs
  An ice beast (D:7)
  A necrophage (D:8)
  8 porcupines
  2 phantoms
  3 ogres
  4 centaurs
  A gnoll sergeant (D:10)
  The ghost of Phlounder the Chiller, an average GrWn (D:3)
  3 big kobolds
  9 giant frogs
  11 crocodiles
  2 scorpions
  4 killer bees (D:10)
  A vampire bat (D:3)
  2 crimson imps (D:7)
  3 orc priests
  A gnoll shaman (D:8)
  A hound (D:4)
  2 giant frog zombies (D:5)
  A giant frog skeleton (D:8)
  6 iguanas
  3 jellies (D:8)
  12 orc wizards
  Jessica (D:3)
  10 worker ants
  10 hell rats (Lair:1)
  A hound zombie (D:9)
  A hound skeleton (D:4)
  10 gnolls
  14 adders
  39 river rats
  A shadow imp (D:10)
  An ooze (D:1)
  4 worms
  7 giant geckos
  25 orcs
  14 bats
  A bat skeleton (D:3)
  6 bat zombies
  4 giant cockroaches
  23 hobgoblins
  8 jackals
  29 kobolds
  2 quokkas (D:8)
  4 ball pythons
  6 giant newts
  15 goblins
  36 rats
412 creatures vanquished.

Vanquished Creatures (others)
  A deep elf mage (D:8)
  A quokka (D:8)
  2 fungi (Lair:3)
  A plant (Lair:3)
5 creatures vanquished.

Grand Total: 417 creatures vanquished

Notes
Turn   | Place    | Note
--------------------------------------------------------------
     0 | D:1      | soupofsoups the Vine Stalker Berserker began the quest for the Orb.
     0 | D:1      | Reached XP level 1. HP: 11/11 MP: 2/2
    92 | D:1      | Reached XP level 2. HP: 13/16 MP: 3/3
   108 | D:1      | Reached skill level 3 in Short Blades
   319 | D:1      | Reached XP level 3. HP: 20/20 MP: 4/4
   322 | D:1      | Acquired Trog's second power
   696 | D:2      | Found a shadowy altar of Dithmenos.
   885 | D:2      | Reached XP level 4. HP: 24/24 MP: 5/5
  1103 | D:2      | Found a basalt altar of Yredelemnul.
  1104 | D:2      | Found a sparkling altar of Nemelex Xobeh.
  1711 | D:3      | Noticed Phlounder's ghost (average GrWn)
  1734 | D:3      | Killed Phlounder's ghost
  1734 | D:3      | Reached skill level 4 in Fighting
  1734 | D:3      | Reached XP level 5. HP: 4/29 MP: 0/6
  1816 | D:3      | Noticed Jessica
  1821 | D:3      | Killed Jessica
  1880 | D:3      | Found a radiant altar of Vehumet.
  1960 | D:3      | Gained mutation: You heal very quickly. [Vine Stalker growth]
  1960 | D:3      | Reached XP level 6. HP: 31/34 MP: 7/7
  1987 | D:3      | Found an ancient bone altar of Kikubaaqudgha.
  2208 | D:3      | Found a glowing drain.
  2214 | D:3      | Reached skill level 5 in Short Blades
  2490 | D:4      | Found a blossoming altar of Fedhas.
  2554 | D:4      | Reached skill level 5 in Fighting
  2575 | D:4      | Reached XP level 7. HP: 30/39 MP: 8/8
  2617 | D:4      | Acquired Trog's third power
  2860 | D:4      | Noticed filfer's ghost (average OpAs)
  2861 | D:4      | Found a staircase to the Ecumenical Temple.
  2878 | D:4      | Killed filfer's ghost
  3275 | D:4      | Found an iron altar of Okawaru.
  3447 | D:5      | Entered Level 5 of the Dungeon
  3591 | D:5      | Reached skill level 6 in Short Blades
  4539 | D:6      | Found a glowing golden altar of the Shining One.
  4550 | D:6      | Gained mutation: You have razor-sharp teeth. [Vine Stalker growth]
  4550 | D:6      | Reached XP level 8. HP: 35/44 MP: 9/9
  5165 | D:7      | Noticed Econoterrorist's ghost (experienced KoBe)
  5174 | D:7      | Killed Econoterrorist's ghost
  5174 | D:7      | Reached skill level 7 in Fighting
  5174 | D:7      | Reached XP level 9. HP: 50/50 MP: 10/10
  5410 | D:7      | Found Wudaiwnor's Distillery.
  5416 | D:7      | Bought a potion of agility for 48 gold pieces
  5416 | D:7      | Bought a potion of might for 48 gold pieces
  5450 | D:7      | Reached skill level 8 in Fighting
  5772 | D:7      | Found a burning altar of Makhleb.
  5773 | D:7      | Noticed Menkaure
  5779 | D:7      | Killed Menkaure
  6054 | D:8      | Got a coiled copper ring
  6055 | D:8      | Identified the ring of Uclabrewk {rElec Int+5} (You found it on level 8 of the Dungeon)
  6338 | D:8      | Reached skill level 9 in Fighting
  6355 | D:8      | Reached XP level 10. HP: 32/58 MP: 11/11
  6391 | D:8      | Received a gift from Trog
  6429 | D:8      | Reached skill level 10 in Fighting
  6444 | D:8      | Found a staircase to the Lair.
  6459 | D:8      | Reached skill level 10 in Short Blades
  7495 | D:9      | Noticed Erica
  7495 | D:9      | Noticed Pikel
  7506 | D:9      | Killed Erica
  7513 | D:9      | Killed Pikel
  7513 | D:9      | Reached XP level 11. HP: 64/64 MP: 12/12
  7601 | D:10     | Entered Level 10 of the Dungeon
  8588 | Lair:1   | Entered Level 1 of the Lair of Beasts
  8861 | Lair:1   | Received a gift from Trog
  9188 | Lair:1   | Reached skill level 11 in Short Blades
  9981 | Lair:2   | Reached skill level 5 in Dodging
 10027 | Lair:2   | Reached skill level 5 in Armour
 10300 | Lair:2   | Received a gift from Trog
 10644 | Lair:3   | Gained mutation: You regenerate. [Vine Stalker growth]
 10644 | Lair:3   | Reached XP level 12. HP: 70/70 MP: 13/13
 10726 | Lair:3   | Got a spiked scale mail
 10741 | Lair:3   | Identified the +1 scale mail of Reduussa {+Inv rF+} (You found it on level 3 of the Lair of Beasts)
 11089 | Lair:3   | Noticed a seven-headed hydra
 11107 | Lair:3   | Killed a seven-headed hydra
 11107 | Lair:3   | Reached skill level 12 in Fighting
 11244 | Lair:3   | Noticed a death yak
 11244 | Lair:3   | Noticed a death yak
 11246 | Lair:3   | Noticed a death yak
 11247 | Lair:3   | Noticed a death yak
 11248 | Lair:3   | Noticed a death yak
 11250 | Lair:3   | Noticed a death yak
 11319 | Lair:3   | Killed a death yak
 11331 | Lair:3   | HP: 1/71 [death yak (12)]
 11568 | Lair:3   | Killed a death yak
 11574 | Lair:3   | Killed a death yak
 11593 | Lair:3   | Quit the game

Vault maps used:
D:1:      minmay_arrival_hallway
D:2:      grunt_dithmenos_smoke_and_mirrors, minitemple, st_stairs_12
D:3:      lemuel_round_altar, kennysheep_vampire_church, portal_sewer_entry_e,
          uniq_jessica
D:4:      okawaru_altar_gauntlet_db, minmay_temple_entry_statues_pillars,
          first_bread, fedhas_altar_1
D:6:      nicolae_overflow_crystal_walls
D:7:      lemuel_round_altar, serial_shops,
          nicolae_shop_temple_entry_statues_fountains, uniq_menkaure
D:8:      minmay_lair_entry_grove
D:9:      uniq_erica, uniq_pikel
Lair:1:   lemuel_ratsnest, grunt_megastairs_4
Lair:2:   grunt_forest_stairs_basic
Lair:3:   beast_lair_carwin_7

Action                   |  1- 3 |  4- 6 |  7- 9 | 10-12 || total
-------------------------+-------+-------+-------+-------++-------
Melee: Short sword       |   101 |   236 |   119 |       ||   456
       Rapier            |       |       |   272 |   931 ||  1203
 Fire: Hunting sling     |       |       |     5 |       ||     5
Throw: Throwing net      |       |       |       |     3 ||     3
Invok: Berserk           |       |       |     1 |     7 ||     8
       Trog's Hand       |       |       |     1 |     2 ||     3
  Use: Potion            |       |       |     1 |     3 ||     4
       Scroll            |       |       |       |    20 ||    20
 Stab: Sleeping          |       |     1 |     1 |     4 ||     6
       Distracted        |       |       |     1 |       ||     1
       Held in net/web   |       |       |       |     1 ||     1
  Eat: Chunk             |       |     4 |    13 |    25 ||    42
       Pizza             |       |     1 |       |       ||     1
